 Dungeon Crawl Stone Soup version 0.24.0-123-gd5b16e6ec5 (webtiles) character file.

Game seed: 8396669860453821213, levelgen mode: deterministic

6111 stayasinic the Grappler (level 10, -4/102 HPs)
             Began as a Troll Monk on Feb 12, 2020.
             Hit by a silver boomerang thrown by an orc warrior (6 damage)
             ... led by an orc knight
             ... on level 2 of the Orcish Mines.
             The game lasted 00:33:32 (7442 turns).

stayasinic the Grappler (Troll Monk)                Turns: 7442, Time: 00:33:32

Health: -4/102     AC:  7    Str: 21    XL:     10   Next: 58%
Magic:  9/9        EV: 14    Int:  6    God:
Gold:   702        SH:  0    Dex: 15    Spells: 9/9 levels left

rFire    + . .     SeeInvis .     - Unarmed
rCold    x . .     Gourm    +   (no shield)
rNeg     + + .     Faith    .   o - +1 robe of Inference {*Contam rPois rN++ rCorr} (curse)
rPois    +         Spirit   .   (helmet restricted)
rElec    .         Reflect  .   (no cloak)
rCorr    +         Harm     .   (gloves unavailable)
MR       .....                  (boots unavailable)
Stlth    +++.......             m - amulet of regeneration
HPRegen  1.07/turn              e - ring of fire
MPRegen  0.11/turn              (no ring)

@: no status effects
A: large, unfitting armour, claws 3, fast metabolism 3, gourmand, regeneration
1, shaggy fur 1, tough skin 3
a: no special abilities


You were on level 2 of the Orcish Mines.
You were very full.

You visited 2 branches of the dungeon, and saw 12 of its levels.

You collected 702 gold pieces.

Inventory:

Missiles
 G - 2 throwing nets (quivered)
Armour
 o - the cursed +1 robe of Inference (worn) {*Contam rPois rN++ rCorr}
   (You found it on level 5 of the Dungeon)

   It protects you from poison.
   It greatly protects you from negative energy.
   It causes magical contamination when unequipped.
   It provides partial protection from all sources of acid and corrosion.
   It has a curse placed upon it.
Jewellery
 e - a ring of fire (left claw)
 m - an amulet of regeneration (around neck)
Wands
 q - a wand of scattershot (2)
 x - a wand of iceblast (17)
 B - a wand of clouds (7)
 E - a wand of enslavement (10)
 H - a wand of digging (8)
 L - a wand of disintegration (16)
Scrolls
 c - 3 scrolls of teleportation {unknown}
 d - 3 scrolls of magic mapping {unknown}
 f - 2 scrolls of amnesia {unknown}
 g - 3 scrolls of remove curse {unknown}
 i - a scroll of random uselessness {unknown}
 l - 2 scrolls of blinking {unknown}
 p - a scroll of immolation {unknown}
 y - 2 scrolls of enchant weapon {unknown}
 z - a scroll of noise {unknown}
 A - a scroll of vulnerability {unknown}
 C - a scroll of enchant armour {unknown}
 F - a scroll of torment {unknown}
 K - a scroll of fog {unknown}
Potions
 a - 2 potions of degeneration {unknown}
 h - 3 potions of cancellation
 j - 2 potions of might {unknown}
 k - a potion of flight {unknown}
 n - a potion of haste {unknown}
 r - 3 potions of heal wounds
 s - a potion of agility {unknown}
 t - 2 potions of curing {unknown}
 u - a potion of lignification {unknown}
 v - 4 potions of brilliance
 w - a potion of berserk rage {unknown}
 I - a potion of invisibility {unknown}
Comestibles
 b - 18 rations
 D - 4 chunks of flesh


   Skills:
 * Level 7.2 Fighting
 * Level 7.2 Dodging
 * Level 5.1 Stealth
 * Level 8.6 Unarmed Combat


You had 9 spell levels left.
You didn't know any spells.
Your spell library contained the following spells:

 Spells                   Type           Power        Failure   Level  Hunger
 Confusing Touch          Hex            #.....       45%         1    ##.....
 Confuse                  Hex            #.......     83%         3    ####...
 Gell's Gravitas          Tloc           #.........   83%         3    ####...
 Petrify                  Tmut/Erth      #.......     99%         4    #####..
 Metabolic Englaciation   Hex/Ice        #.........   100%        5    ######.
 Yara's Violent Unravell  Hex/Tmut       #.........   100%        5    ######.


Dungeon Overview and Level Annotations

Branches:
Dungeon (10/15)            Temple (0/1) D:6             Orc (2/2) D:9
   Lair: D:8-11         Elf: Orc:2

Altars:
Cheibriados
Gozag
Makhleb
Okawaru
Qazlal
The Shining One

Shops:
D:5 :   D:9 :

Annotations:
D:6 3 runed translucent doors, EtherCrawl's ghost, novice SpBe; gpo23's ghost, novice MiBe; louiscrawler's ghost, novice DsGl


Innate Abilities, Weirdness & Mutations

You are too large for most types of armour.
You have claws for hands.
Your metabolism is lightning-fast.
You like to eat raw meat.
Your natural rate of healing is unusually fast.
You are covered in fur. (AC +1)
You have extremely tough skin. (AC +3)


Message History

The orc hits you from afar with a +0 trident of flaming.
You barely miss the orc warrior.
The orc warrior is severely wounded.
The orc warrior hits you with a +0 halberd!
* * * LOW HITPOINT WARNING * * *
The orc warrior throws a silver boomerang.
The silver boomerang hits you!
* * * LOW HITPOINT WARNING * * *
x2 The weapon returns to the orc warrior!
The orc warrior misses you.
The orc warrior throws a silver boomerang.
The silver boomerang hits you but does no damage.
* * * LOW HITPOINT WARNING * * *
The orc warrior throws a silver boomerang.
The silver boomerang hits you!
* * * LOW HITPOINT WARNING * * *
x2 The weapon returns to the orc warrior!
The orc warrior throws a silver boomerang.
The silver boomerang hits you.
You die...

..#...#............
.#.................
................o..
......†[...........
...................
#.........o.....#..
##.......o..[......
#.................
#...#.).@.........
...$.....<)........
##........)........
###...............
##..............
###.#.#...#.$..
######.......
.....# ....#


You could see 2 orc warriors and an orc.

Vanquished Creatures
  A gargoyle (D:8)
  A troll (D:9)
  2 dream sheep (D:9)
  2 yaks (D:9)
  A hungry ghost (D:7)
  A wyvern (D:8)
  Eustachio (D:5)
  A warg (Orc:1)
  6 orc warriors
  A black bear (D:6)
  A necrophage (D:8)
  A sky beast (D:6)
  2 ice beasts
  8 ogres
  A phantom (D:6)
  4 centaurs
  4 big kobolds
  2 bullfrogs
  A gnoll sergeant (D:7)
  A jelly (D:9)
  3 scorpions
  3 killer bees (D:9)
  8 wights
  2 howler monkeys
  2 bullfrog zombies
  A centaur zombie (D:8)
  3 crimson imps
  An orc priest (Orc:2)
  A hound (D:4)
  2 bullfrog skeletons (D:8)
  10 worker ants
  8 orc wizards
  3 hound skeletons
  10 gnolls
  2 howler monkey skeletons
  8 adders
  3 shadow imps
  2 oozes
  An adder skeleton (D:4)
  4 worms (D:2)
  5 dart slugs
  3 leopard geckos
  22 orcs
  3 ball pythons
  6 giant cockroaches
  9 goblins
  5 hobgoblins
  4 jackals
  5 quokkas
  3 bats
  4 frilled lizards
  A jackal skeleton (D:5)
  10 kobolds
  A leopard gecko skeleton (D:5)
  2 rats (D:2)
  A fungus (D:2)
203 creatures vanquished.

Vanquished Creatures (others)
  An orc priest (Orc:2)
  2 orcs (Orc:2)
  2 toadstools (D:2)
5 creatures vanquished.

Grand Total: 208 creatures vanquished

Notes
Turn   | Place    | Note
-------+----------+-------------------------------------------
     0 | D:1      | stayasinic the Troll Monk began the quest for the Orb.
     0 | D:1      | Reached XP level 1. HP: 22/22 MP: 0/0
   184 | D:1      | Reached XP level 2. HP: 29/29 MP: 1/1
   638 | D:2      | Found a snail-covered altar of Cheibriados.
   648 | D:2      | Reached XP level 3. HP: 36/36 MP: 2/2
  1107 | D:2      | Reached XP level 4. HP: 45/45 MP: 3/3
  1665 | D:3      | Reached XP level 5. HP: 52/53 MP: 4/4
  2312 | D:4      | Reached skill level 4 in Unarmed Combat
  2331 | D:4      | Found a glowing golden altar of the Shining One.
  2884 | D:5      | Entered Level 5 of the Dungeon
  2932 | D:5      | Reached XP level 6. HP: 55/61 MP: 5/5
  2956 | D:5      | Got a colourful robe
  2967 | D:5      | Identified the cursed +1 robe of Inference {*Contam rPois
                  | rN++ rCorr} (You found it on level 5 of the Dungeon)
  3018 | D:5      | Noticed Eustachio
  3089 | D:5      | Killed Eustachio
  3182 | D:5      | Found an opulent altar of Gozag.
  3302 | D:5      | Found Jyahob's Book Emporium.
  3424 | D:5      | Reached XP level 7. HP: 68/68 MP: 6/6
  3464 | D:5      | Found a glowing golden altar of the Shining One.
  3563 | D:6      | Found a runed translucent gate.
  3564 | D:6      | Found a runed translucent gate.
  3565 | D:6      | Found a runed translucent gate.
  3566 | D:6      | Noticed louiscrawler's ghost (novice DsGl)
  3567 | D:6      | Noticed EtherCrawl's ghost (novice SpBe)
  3567 | D:6      | Noticed gpo23's ghost (novice MiBe)
  3580 | D:6      | Found a staircase to the Ecumenical Temple.
  3704 | D:6      | Reached skill level 5 in Unarmed Combat
  3801 | D:6      | Reached XP level 8. HP: 61/79 MP: 7/7
  3847 | D:6      | Found an iron altar of Okawaru.
  4373 | D:7      | Reached skill level 5 in Fighting
  4386 | D:7      | Reached skill level 5 in Dodging
  4386 | D:7      | Reached skill level 6 in Unarmed Combat
  4416 | D:7      | Paralysed by fainting for 5 turns
  4594 | D:7      | Reached XP level 9. HP: 57/88 MP: 8/8
  5308 | D:8      | Found an iron altar of Okawaru.
  5428 | D:8      | Reached skill level 7 in Unarmed Combat
  5448 | D:8      | Noticed a gargoyle
  5463 | D:8      | Killed a gargoyle
  6210 | D:9      | Noticed a troll
  6227 | D:9      | Killed a troll
  6227 | D:9      | Reached XP level 10. HP: 53/99 MP: 9/9
  6273 | D:9      | Found Owesol's Book Emporium.
  6275 | D:9      | Noticed a three-headed hydra
  6298 | D:10     | Entered Level 10 of the Dungeon
  6307 | D:9      | HP: 1/99 [yak (13)]
  6315 | D:9      | Reached skill level 8 in Unarmed Combat
  6484 | D:9      | Found a staircase to the Orcish Mines.
  6536 | D:9      | Found a burning altar of Makhleb.
  6628 | D:9      | HP: 5/100 [orc warrior/+0 short sword (22)]
  6755 | D:9      | Found a stormy altar of Qazlal.
  6944 | Orc:1    | Entered Level 1 of the Orcish Mines
  7004 | Orc:2    | Entered Level 2 of the Orcish Mines
  7007 | Orc:2    | Reached skill level 5 in Stealth
  7016 | Orc:2    | Noticed an orc knight
  7441 | Orc:2    | HP: 5/102 [orc warrior/silver boomerang[an orc knight]
                  | (13)]
  7441 | Orc:2    | HP: 1/102 [orc warrior/silver boomerang[an orc knight] (4)]
  7442 | Orc:2    | Hit by a silver boomerang thrown by an orc warrior

Levels and vault maps discovered:
D:1:      tarquinn_simple_flora_water_c, layout_basic,
          chequers_serial_rivers_room_b, minmay_misc_feat_rows,
          roderic_lattice_a, st_stairs_5
D:2:      minmay_wonky_spiral, layout_rooms, kennysheep_slug_shrine,
          minmay_statues_item, minmay_gold_behind_fungi,
          chequers_serial_rivers_small_3
D:3:      layout_loops_cross, first_ration, st_stairs_1
D:4:      layout_layer_cave, lemuel_round_altar
D:5:      layout_gridville, grunt_gozag_statues, serial_shops, shop,
          amethyst_killhole, tso_altar, uniq_eustachio
D:6:      layout_basic, minmay_temple_entry_drinking_statues,
          gammafunk_ghost_cemetery, zaba_anthole, kennysheep_okawaru_gauntlet
D:7:      layout_basic
D:8:      layout_gridville, lemuel_round_altar
D:9:      layout_cave_pools, lightli_temple_of_fire, grunt_qazlal_sundering,
          orc_0_dummy, serial_shops, nicolae_shop_trees, hangedman_ranch
          [blue_anna_fruit_fields]
D:10:     layout_irregular_city, david_lair_shrubbed
Orc:1:    layout_diamond_mine, serial_shops, nicolae_shop_stone,
          enter_volcano_1, uniq_fannar, uniq_nergalle
Orc:2:    st_orc_elflike, layout_caves, serial_shops, freezing_bzr

Skill      XL: |  1  2  3  4  5  6  7  8  9 10 |
---------------+-------------------------------+-----
Fighting       | 3 4 5 6 7 |  7.2
Dodging        | 3 4 5 6 7 |  7.2
Unarmed Combat | 4 5 6 7 8 |  8.6
Stealth        | 2 3 4 5 |  5.1

Action                   |  1- 3 |  4- 6 |  7- 9 | 10-12 || total
-------------------------+-------+-------+-------+-------++-------
Melee: Unarmed           |   108 |   206 |   290 |   165 ||   769
       Punch             |       |       |    16 |     7 ||    23
Evoke: Wand              |       |       |       |     1 ||     1
  Use: Scroll            |       |     4 |     1 |     2 ||     7
       Potion            |       |       |       |     2 ||     2
 Stab: Sleeping          |     3 |     5 |     4 |     2 ||    14
       Distracted        |     1 |       |     3 |       ||     4
  Eat: Chunk             |    16 |    18 |    29 |    11 ||    74
       Ration            |       |       |     1 |       ||     1
Armor: Robe              |    33 |    63 |    83 |    36 ||   215
Dodge: Dodged            |    42 |   121 |   170 |   175 ||   508
